 Dungeon Crawl Stone Soup version 0.22-a0-305-gd21a89c (webtiles) character file.

123 mortelune the Grave Robber (level 4, -2/36 HPs)
             Began as a Deep Dwarf Necromancer on Mar 29, 2018.
             Slain by an orc priest
             ... wielding a +0 flail
              (7 damage)
             ... on level 3 of the Dungeon.
             The game lasted 00:15:03 (3648 turns).

mortelune the Grave Robber (Deep Dwarf Necromancer) Turns: 3648, Time: 00:15:04

Health: -2/36      AC:  3    Str: 12    XL:     4   Next: 79%
Magic:  0/7        EV: 13    Int: 16    God:
Gold:   126        SH:  0    Dex: 13    Spells: 3/8 levels left

rFire    . . .     SeeInvis .   o - +1 whip (flame)
rCold    . . .     Gourm    .   (no shield)
rNeg     . . .     Faith    .   a - +0 robe
rPois    .         Spirit   .   (no helmet)
rElec    .         Reflect  .   (no cloak)
rCorr    .         Harm     .   n - +0 pair of gloves
MR       .....                  (no boots)
Stlth    ++........             (no amulet)
HPRegen  0.00/turn              (no ring)
MPRegen  0.10/turn              (no ring)

@: non-regenerating
A: damage resistance, heal wounds, sense surroundings 1, no regeneration
a: Heal Wounds


You were on level 3 of the Dungeon.
You were not hungry.

You visited 1 branch of the dungeon, and saw 3 of its levels.

You collected 126 gold pieces.

Inventory:

Hand Weapons
 h - a +0 club
 o - a +1 whip of flaming (weapon)
Armour
 a - a +0 robe (worn)
 n - a +0 pair of gloves (worn)
Jewellery
 k - an uncursed ring of ice
Wands
 s - a wand of random effects (31)
Scrolls
 b - a scroll of noise {unknown}
 e - a scroll of identify
 i - a scroll of random uselessness {unknown}
 j - a scroll of teleportation {unknown}
 l - a scroll of amnesia {unknown}
 m - 2 scrolls of magic mapping {unknown}
Potions
 d - a potion of haste
 f - a potion of agility {unknown}
 g - 3 potions of curing
 p - a potion of heal wounds {unknown}
 q - a potion of flight {unknown}
Comestibles
 c - 6 rations
 r - 3 chunks of flesh


   Skills:
 + Level 3.5 Dodging
 - Level 2.4 Stealth
 + Level 2.8 Spellcasting
 + Level 5.3 Necromancy


You had 3 spell levels left.
You knew the following spells:

 Your Spells              Type           Power        Failure   Level  Hunger
a - Pain                  Necr           ###.         1%          1    #......
b - Animate Skeleton      Necr           N/A          1%          1    #......
c - Vampiric Draining     Necr           ###.......   6%          3    ###....


Dungeon Overview and Level Annotations

Branches:
Dungeon (3/15)

Altars:
Ashenzari


Innate Abilities, Weirdness & Mutations

You are resistant to damage.
You can heal yourself by infusing magical energy.
You passively map a small area around you.
You do not regenerate.


Message History

You hit the orc priest. You burn the orc priest.
The orc priest is almost dead.
The orc priest misses you.
You closely miss the orc priest.
The orc priest is almost dead.
The orc priest hits you with a flail!
You closely miss the orc priest.
The orc priest is almost dead.
The orc priest closely misses you.
You hit the orc priest but do no damage.
The orc priest is almost dead.
The orc priest calls upon Beogh to heal the orc.
The orc's wounds heal themselves!
The orc priest mumbles some strange prayers to Beogh against you.
Pain shoots through your body!
* * * LOW HITPOINT WARNING * * *
You closely miss the orc priest.
The orc priest is almost dead.
The orc priest hits you with a flail!
You die...

.#
..#####.#..##Z#
.#
........##.##.#
.##.###.##.##.##
,, #. #.##.Z...#
*#.###.########
#o...oo.o.)o# ,
,*#.#########o#
, ,#.. #o# *
#o#* #@# #.* #.#
* #o #.# #, #.#
,* #.# #.# , *
#.# #.# , * #.#


You could see 2 orc priests and an orc.

Vanquished Creatures
  4 adders
  An ooze (D:1)
  2 worms (D:2)
  5 leopard geckos
  3 orcs (D:3)
  2 giant cockroaches
  9 hobgoblins
  3 jackals (D:3)
  3 kobolds
  A quokka (D:2)
  2 ball pythons
  8 bats
  4 frilled lizards
  11 goblins
  4 rats
62 creatures vanquished.

Vanquished Creatures (collateral kills)
  A giant cockroach (D:2)
  A goblin (D:2)
  A hobgoblin (D:3)
  A ball python (D:3)
  2 frilled lizards
  A kobold (D:2)
  2 rats
9 creatures vanquished.

Grand Total: 71 creatures vanquished

Notes
Turn   | Place    | Note
-------+----------+-------------------------------------------
     0 | D:1      | mortelune the Deep Dwarf Necromancer began the quest for the Orb.
     0 | D:1      | Reached XP level 1. HP: 15/15 MP: 3/3
     2 | D:1      | Learned a level 1 spell: Animate Skeleton
   582 | D:1      | Reached XP level 2. HP: 16/22 MP: 5/5
  1739 | D:2      | Reached XP level 3. HP: 10/28 MP: 0/6
  1826 | D:2      | Learned a level 3 spell: Vampiric Draining
  2081 | D:2      | Reached skill level 5 in Necromancy
  2406 | D:2      | Found a shattered altar of Ashenzari.
  2430 | D:2      | Reached XP level 4. HP: 32/36 MP: 0/7
  3648 | D:3      | Slain by an orc priest

Vault maps used:
D:1:      minmay_arrival_shattered_statue
D:2:      nicolae_ashenzari_panopticon, serial_park_tiny_2
D:3:      lemuel_round_altar, minmay_misc_feat_encased,
          minmay_randomly_rotated_circles

Skill      XL: |  1  2  3 |
---------------+----------+-----
Spellcasting   | 2 |  2.8
Dodging        | 3 |  3.5
Necromancy     | 5 |  5.3
Stealth        | |  2.4

Action                   |  1- 3 |  4- 6 || total
-------------------------+-------+-------++-------
Melee: Unarmed           |     1 |       ||     1
       Club              |    15 |       ||    15
       Whip              |     9 |    14 ||    23
 Cast: Pain              |    49 |    52 ||   101
       Animate Skeleton  |    10 |    11 ||    21
       Vampiric Draining |    10 |     2 ||    12
 Abil: Heal Wounds       |       |     1 ||     1
  Use: Scroll            |       |     3 ||     3
  Eat: Chunk             |     6 |     5 ||    11
Armor: Robe              |     8 |     7 ||    15
Dodge: Dodged            |    54 |    26 ||    80

Table legend:
 A = Spawn XP
 B = Non-spawn XP
 C = Spawn XP percentage of total XP
 D = Spawn monster count
 E = Non-spawn monster count
 F = Spawn count percentage of total count
 G = Total turns spent on level
                    A         B        C        D         E        F      G
               +---------+---------+-------+---------+---------+-------+---------
         Total |       0 |     176 |   0.0 |       0 |      71 |   0.0 |  3648
               +---------+---------+-------+---------+---------+-------+---------
           D:1 |       0 |      32 |   0.0 |       0 |      19 |   0.0 |  1758
           D:2 |       0 |      83 |   0.0 |       0 |      27 |   0.0 |  1039
           D:3 |       0 |      61 |   0.0 |       0 |      25 |   0.0 |   851
               +---------+---------+-------+---------+---------+-------+---------
